Map: Dusk Towers

Players

MorN

  • Race: Zerg Zerg
  • League: Platinum

Kit

  • Race: Zerg Zerg

IamDrizzt

  • Race: Zerg Zerg
  • League: Platinum

BlackBurn

  • Race: Zerg Zerg

VOD

Have the link to the VOD?

Description

Time

  • Played on: Nov. 9, 2015, 10:32 p.m.
  • Length: 4:17
Show
View Real Time Build Order
Export as new Build Order

MorN Zerg 

Build Orders: Hatch First 

Get SALT Encoding   

  12  0:01  Drone  
  13  0:13  Overlord  
  13  0:18  Drone  
  14  0:31  Drone  
  14  0:32  Drone  
  16  0:35  Drone  
  17  0:55  Hatchery  
  16  1:08  Spawning Pool  
  15  1:13  Drone, Extractor  
  15  1:15  Drone  
  16  1:20  Drone  
  17  1:26  Drone  
  18  1:36  Overlord  
  18  1:55  Queen  
  18  1:58  Zergling x4  
  22  2:06  Queen  
  24  2:09  Zergling x2  
  25  2:15  Metabolic Boost  
  25  2:18  Zergling x4  
  25  2:19  Zergling x2  
  28  2:30  Overlord, Zergling x2  
  29  2:41  Baneling Nest  
  29  2:42  Zergling x4  
  30  2:51  Zergling x2  
  30  2:52  Zergling x2  
  32  3:04  Zergling x8  
  36  3:16  Zergling x8  
  40  3:26  Drone x2  
  40  3:27  Drone  
  43  3:33  Overlord  
  43  3:37  Drone  
  44  3:50  Overlord  
  44  3:53  Baneling x2  
  44  3:58  Drone x2  
  44  3:59  Drone x2  
  46  4:05  Drone x2  
Show
View Real Time Build Order
Export as new Build Order

Kit Zerg 

Build Orders: Hatch First 

Get SALT Encoding   

  12  0:01  Drone  
  13  0:12  Overlord  
  13  0:17  Drone  
  14  0:30  Drone x2  
  14  0:34  Drone  
  17  0:54  Hatchery  
  17  0:55  Drone  
  17  1:00  Drone  
  18  1:14  Spawning Pool  
  18  1:16  Drone  
  18  1:19  Drone  
  18  1:22  Extractor  
  18  1:27  Drone  
  19  1:38  Drone  
  20  2:01  Spine Crawler, Queen  
  20  2:05  Queen  
  23  2:09  Zergling x6  
  23  2:14  Spine Crawler  
  25  2:23  Metabolic Boost  
  25  2:26  Zergling x2  
  26  2:34  Drone x2  
  27  2:41  Overlord  
  27  2:45  Drone  
  28  2:59  Drone x2  
  28  3:04  Drone x3  
  33  3:10  Drone  
  33  3:12  Drone  
  35  3:23  Drone  
  35  3:25  Overlord  
  36  3:35  Overlord  
  36  3:36  Extractor  
  35  3:44  Evolution Chamber  
  35  3:45  Drone x4  
  35  3:46  Evolution Chamber  
Show
View Real Time Build Order
Export as new Build Order

IamDrizzt Zerg 

Build Orders:  

Get SALT Encoding   

Show
View Real Time Build Order
Export as new Build Order

BlackBurn Zerg 

Build Orders:  

Get SALT Encoding   

Tags
 
Add a new tag
Caveats
  • Supply blocks, unpowered buildings, or Contaminate may cause inaccurate times.
  • Supply counts are checked every 10 seconds.